 Dungeon Crawl Stone Soup version 0.25-a0-294-gea9b1ad (webtiles) character file.

Game seed: 5977053162407770517, levelgen mode: deterministic

22 15 the Gusty (level 2, -4/15 HPs)
             Began as a Tengu Air Elementalist on Dec 17, 2019.
             Slain by an orc
             ... wielding a +0 mace
              (8 damage)
             ... on level 2 of the Dungeon.
             The game lasted 00:02:26 (360 turns).

15 the Gusty (Tengu Air Elementalist)                Turns: 360, Time: 00:02:26

Health: -4/15      AC:  3    Str:  8    XL:     2   Next: 91%
Magic:  2/6        EV: 12    Int: 15    God:
Gold:   0          SH:  0    Dex: 14    Spells: 2/5 levels left

rFire    . . .     SeeInvis .   f - +0 short sword
rCold    . . .     Gourm    .   (no shield)
rNeg     . . .     Faith    .   a - +1 robe
rPois    .         Spirit   .   (helmet restricted)
rElec    .         Reflect  .   (no cloak)
rCorr    .         Harm     .   (no gloves)
MR       .....                  (boots unavailable)
Stlth    ++........             (no amulet)
HPRegen  0.05/turn              (no ring)
MPRegen  0.10/turn              (no ring)

@: no status effects
A: beak, talons 3
a: no special abilities


You were on level 2 of the Dungeon.
You were not hungry.

You visited 1 branch of the dungeon, and saw 2 of its levels.

Inventory:

Hand Weapons
 b - a +0 club
 f - a +0 short sword (weapon)
Armour
 a - a +1 robe (worn)
Potions
 e - a potion of mutation {unknown}
Comestibles
 c - 3 rations
 g - 2 chunks of flesh


   Skills:
 * Level 0.6 Maces & Flails
 * Level 0.5 Armour
 * Level 2.1 Dodging
 + Level 2.0 Stealth
 + Level 2.2 Spellcasting
 * Level 1.8 Conjurations
 * Level 4.7 Air Magic


You had 2 spell levels left.
You knew the following spells:

 Your Spells              Type           Power        Failure   Level  Hunger
a - Shock                 Conj/Air       ##..         5%          1    #......
b - Swiftness             Chrm/Air       #.......     13%         2    ###....

Your spell library contained the following spells:

 Spells                   Type           Power        Failure   Level  Hunger
 Static Discharge         Conj/Air       ##......     17%         3    ###....
 Airstrike                Air            ###.......   30%         4    #####..
 Lightning Bolt           Conj/Air       ##........   83%         5    ######.


Dungeon Overview and Level Annotations

Branches:
Dungeon (2/15)

Altars:
Qazlal


Innate Abilities, Weirdness & Mutations

You have a beak for a mouth.
You have claws for feet.


Message History

* * * LOW HITPOINT WARNING * * *
You hit the orc but do no damage. You peck the orc, but do no damage.
The orc is moderately wounded.
You barely miss the orc.
The orc is moderately wounded.
The orc misses you.
Casting: Shock (safe; 5% risk of failure)
Confirm with . or Enter, or press ? or * to list all spells.
Aiming: Shock (safe; 5% risk of failure)
Press: ? - help, Shift-Dir - straight line, f - orc
Aim: an orc, wielding a +0 mace and wearing a +0 chain mail (moderately wounded)
The zap misses the orc.
The orc barely misses you.
You hit the orc. Your peck misses the orc.
The orc is severely wounded.
The orc barely misses you.
You hit the orc but do no damage.
The orc is severely wounded.
The orc hits you with a +0 mace!
Ouch! That really hurt!
You die...

#..###...####
#####..#E#...#E#
#......###...###
#...##...>.#####
.. #.......# #
#.......# #<#.#
#.......#
#.....####.....##
#...o@.......#
#..###.......#
.... ..........
..## ##......####
. ##.......
....##### #####


You could see an orc.

Vanquished Creatures
  An adder (D:2)
  A leopard gecko (D:2)
  2 bats (D:2)
  A goblin (D:2)
  2 hobgoblins (D:2)
  4 kobolds (D:2)
  A rat (D:2)
12 creatures vanquished.

Notes
Turn   | Place    | Note
-------+----------+-------------------------------------------
     0 | D:1      | 15 the Tengu Air Elementalist began the quest for the Orb.
     0 | D:1      | Reached XP level 1. HP: 10/10 MP: 4/4
    11 | D:1      | You fall into a shaft and drop 1 floor!
    90 | D:2      | Reached XP level 2. HP: 8/15 MP: 1/6
   170 | D:2      | Learned a level 2 spell: Swiftness
   309 | D:2      | Noticed an air elemental
   310 | D:2      | Found a stormy altar of Qazlal.
   318 | D:2      | Noticed a fire elemental
   318 | D:2      | Noticed an earth elemental
   318 | D:2      | Noticed a water elemental
   360 | D:2      | Slain by an orc

Levels and vault maps discovered:
D:1:      elethiomel_arrival_infinity_welcomes_careful_drivers, layout_rooms
D:2:      layout_rooms, serial_corexii_hall, corexii_hall_statues_i,
          chequers_hall_statues_corner_a, chequers_hall_statues_y, first_ration,
          nicolae_qazlal_style_of_elements, uniq_crazy_yiuf_cottage

Action                   || total
-------------------------++-------
Melee: Short sword       ||    24
       Peck              ||     4
       Club              ||     3
       Kick              ||     2
 Cast: Shock             ||    23
  Use: Scroll            ||     1
Armor: Robe              ||     6
Dodge: Dodged            ||    25

Table legend:
 A = Non-vault XP
 B = Vault XP
 C = Vault XP percentage of total XP
 D = Non-vault monster count
 E = Vault monster count
 F = Vault count percentage of total count
                 A         B        C        D         E       F
            +---------+---------+-------+---------+---------+-------
      Total |      32 |       0 |   0.0 |      12 |       0 |   0.0
            +---------+---------+-------+---------+---------+-------
        D:2 |      32 |       0 |   0.0 |      12 |       0 |   0.0
            +---------+---------+-------+---------+---------+-------
